AoeStats
← Eugenius

Black Forest

507360172Analyzed
4v4 RM · 14d ago on Sep 17, 2026· 15m 38s· 8 players
Game mode
Random Map
Map size
Large (8 player)
Population
200
Speed
Normal
Resources
Standard
Victory
Conquest
Starting age
Dark Age
Ending age
Imperial Age
RankedLock teamsTeams togetherTeam positionsShared explorationLock speedFull tech treeHidden civsTurbo modeCheats
Victory
Defeat
🇵🇪 Ethiopians · Peru
1668
+12
🇲🇽 Gurjaras · Mexico
1656
+13
🇲🇽 Khmer · Mexico
1652
+13
🇨🇴 Italians · Colombia
1646
+13
🇧🇷 Bohemians · Brazil
1619
-15
🇲🇽 Persians · Mexico
1615
-14
🇹🇷 Britons · Türkiye
1572
-12
🇧🇷 Georgians · Brazil
1520
-10
VX | Obligame Perro!
11:25 Feudal Age
15:09 Castle Age
13:47 Double-Bit Axe
13:58 Loom
15:24 Scale Barding Armor
Sorrateiro
0:38 Loom
16:39 Feudal Age
EoK_pr1ston
7:44 Loom
12:58 Feudal Age
17:06 Castle Age
LonzoWall
0:42 Loom
9:24 Feudal Age
§Y¶# Ä
4:19 Loom
10:28 Feudal Age
15:50 Castle Age
14:18 Double-Bit Axe
ELEG | IronLeg
1:37 Loom
14:49 Feudal Age
loco_angel
8:28 Feudal Age
8:55 Loom
14:10 Forging
Eugenius
9:22 Feudal Age
10:48 Fletching
Connection lost

Rejoining the realm…

Still unreachable

The connection could not be restored.

Session expired

The server has moved on; the page needs a fresh start.